 Dungeon Crawl Stone Soup version 0.29-a0-82-g837932c90e (webtiles) character file.

Game seed: 16372539293045031501

133 lordive the Slasher (level 5, -7/38 HPs)
             Began as a Djinni Warper on Feb 5, 2022.
             Mangled by a wight (9 damage)
             ... on level 2 of the Dungeon.
             The game lasted 00:04:38 (4910 turns).

lordive the Slasher (Djinni Warper)                 Turns: 4910, Time: 00:04:38

Health: -7/38      AC:  4    Str: 10    XL:     5   Next: 39%
Gold:   171        EV: 12    Int: 16    God:
                   SH:  0    Dex: 13

rFire   + + .      SeeInvis .   a - +0 falchion
rCold   + . .      Faith    .   (no shield)
rNeg    . . .      Spirit   .   o - +1 leather armour of the Exiled Violins {rC++}
rPois   ∞          Reflect  .   (no helmet)
rElec   .          Harm     .   (no cloak)
rCorr   .          Rampage  .   (no gloves)
Will    .....                   (boots unavailable)
Stlth   +.........              (no amulet)
HPRegen 0.12/turn               (no ring)
MPRegen 0.00/turn               (no ring)

@: flying
A: sickness immunity, fire resistance 2, cold vulnerability 1, float, innate
caster, HP casting, extra vitality 1
a: no special abilities


You were on level 2 of the Dungeon.
You visited 1 branch of the dungeon, and saw 3 of its levels.

You collected 171 gold pieces.

Inventory:

Hand Weapons
 a - a +0 falchion (weapon)
Missiles
 d - 5 boomerangs of dispersal (quivered)
Armour
 b - a +0 leather armour
 j - a +0 tower shield
 o - the +1 leather armour of the Exiled Violins (worn) {rC++}
   (You found it on level 3 of the Dungeon)

   rC:        It greatly protects you from cold.
Magical Staves
 l - a staff of fire
Scrolls
 c - a scroll of blinking
 f - 2 scrolls of holy word {unknown}
 g - 5 scrolls of enchant weapon {unknown}
 h - a scroll of identify {unknown}
 k - a scroll of enchant armour {unknown}
Potions
 e - 2 potions of curing {unknown}
 i - a potion of invisibility {unknown}
 m - 2 potions of flight {unknown}
 n - a potion of mutation {unknown}
 p - a potion of brilliance {unknown}


   Skills:
 + Level 2.2 Fighting
 + Level 3.2 Long Blades
 - Level 0.7 Throwing
 + Level 2.1 Armour
 + Level 2.6 Dodging
 + Level 0.2 Stealth
 * Level 3.1 Spellcasting


You couldn't memorise any spells.
You knew the following spells:

 Your Spells              Type           Power      Damage    Failure   Level
a - Blink                 Tloc           24%        N/A       11%         2
b - Lesser Beckoning      Tloc           12%        N/A       21%         3
c - Gell's Gravitas       Tloc           12%        N/A       21%         3
d - Teleport Other        Tloc           12%        N/A       21%         3
e - Manifold Assault      Tloc           12%        N/A       88%         5
f - Pain                  Necr           48%        1d6       7%          1
g - Wereblood             Tmut           12%        N/A       11%         2
Your spell library was empty.

Dungeon Overview and Level Annotations

Branches:
Dungeon (3/15)

Altars:
Zin

Annotations:
D:3 Robin


Innate Abilities, Weirdness & Mutations

You are immune to sickness and miasma.
You are immune to poison.
Your flesh is very heat resistant. (rF++)
You are vulnerable to cold. (rC-)
You float through the air rather than walking.
You learn spells naturally, not from books.
Your magical power is your life essence.
You have superior vitality. (+4 MHP)


Message History

* * * LOW HITPOINT WARNING * * *
Found a ring mail.
Found a leather armour.
You see here a scroll labelled VAGEGHAGRIMOM.
You see here a +0 flail.
Robin of the Strong Arm comes into view.
They are wielding a +0 whip.
Things that are here:
a +0 dagger; a +0 hunting sling; 20 stones
Things that are here:
a +0 club; a +0 club
Items here: ))))).
There is a stone staircase leading up here.
You fly upwards.
There is a stone staircase leading down here.
You start resting.
HP restored.
Sorry, you're not good enough to have a special ability.
Unknown command.
You fly downwards.
Level annotation: Robin The wight hits you with a +4 dagger of freezing!
The wight freezes you.
There is a stone staircase leading up here.
The wight hits you with a +4 dagger of freezing.
The wight freezes you.
You fly upwards.
There is a stone staircase leading down here.
You hit the wight.
The wight is lightly damaged.
The wight hits you with a +4 dagger of freezing!
You hit the wight. Your punch misses the wight.
The wight is lightly damaged.
The wight hits you with a +4 dagger of freezing!
* * * LOW HITPOINT WARNING * * *
The wight freezes you.
* * * LOW HITPOINT WARNING * * *
You hit the wight but do no damage.
The wight is lightly damaged.
The wight hits you with a +4 dagger of freezing!
You die...

#.#.# #.# #.# #.#.####.######
#.# #.............# #.#######
#..###.#.####.# ##........
#..# #.#.####.###...####.#
########..#
#.#.........)........
..........#
#....###.###...##....
#########.# ####.# #.#
##.####..† ....#
#.######@###.# #.# #..# ###.#
#.......z....## #.# #.## #.#
#########.....###.# #.#
#.############.#####.##.# #.#
#.............##..(##.#.####.#
###########...#.(...#........#
#...#.....#.....####
##..#....)#.###..#
#..##...÷###.##.#


You could see a wight.

Vanquished Creatures
  A gnoll (D:1)
  5 adders (D:2)
  A worm (D:2)
  2 bats
  7 endoplasms
  3 giant cockroaches
  15 goblins
  9 hobgoblins
  6 jackals (D:2)
  4 quokkas
  8 ball pythons
  A frilled lizard (D:1)
  A kobold (D:1)
  3 rats
66 creatures vanquished.

Vanquished Creatures (others)
  6 plants (D:2)
6 creatures vanquished.

Grand Total: 72 creatures vanquished

Notes
Turn   | Place    | Note
-------+----------+-------------------------------------------
     0 | D:1      | lordive the Djinni Warper began the quest for the Orb.
     0 | D:1      | Reached XP level 1. HP: 18/18 MP: 0/0
     6 | D:1      | Noticed a hound
     6 | D:1      | Noticed a black bear
     7 | D:1      | Noticed a komodo dragon
     7 | D:1      | Noticed a wyvern
   174 | D:1      | Found a faded altar of an unknown god.
   342 | D:1      | Reached XP level 2. HP: 21/23 MP: 0/0
   785 | D:1      | Reached XP level 3. HP: 13/28 MP: 0/0
   785 | D:1      | Learned a level 1 spell: Pain
  2741 | D:2      | Reached XP level 4. HP: 27/33 MP: 0/0
  3538 | D:2      | Reached XP level 5. HP: 5/38 MP: 0/0
  3538 | D:2      | Learned a level 2 spell: Wereblood
  4585 | D:3      | Identified the +1 leather armour of the Exiled Violins
                  | {rC++}
  4645 | D:3      | Found a glowing silver altar of Zin.
  4731 | D:3      | Noticed Robin
  4909 | D:2      | HP: 1/38 [wight (1)]
  4910 | D:2      | Mangled by a wight

Illustrated notes

Levels and vault maps discovered:
D:1:      onia_arrival_zoo_common, layout_basic, basic_ecumenical_altar,
          minmay_misc_feat_more_columns
D:2:      wad_lake_hut, layout_loops_ring, minmay_joined_circles
D:3:      layout_basic, mainiacjoe_overflow_paths, uniq_robin

Skill      XL: |  1  2  3  4  5 |
---------------+----------------+-----
Long Blades    | 2 3 |  3.2
Spellcasting   | 3 |  3.1
Armour         | 2 |  2.1
Fighting       | |  2.2
Throwing       | |  0.7
Dodging        | |  2.6
Stealth        | |  0.2

Action                   |  1- 3 |  4- 6 || total
-------------------------+-------+-------++-------
Melee: Falchion          |   139 |   141 ||   280
       Punch             |     2 |     3 ||     5
 Cast: Pain              |       |     2 ||     2
 Stab: Sleeping          |     1 |     1 ||     2
Armor: Leather armour    |    44 |    31 ||    75
Dodge: Dodged            |   115 |    88 ||   203

Table legend: (Time is in decaauts)
 A = Elapsed time spent in this place.
 B = Non-inter-level travel time spent in this place.
 C = Inter-level travel time spent in this place.
 D = Time resting spent in this place.
 E = Time spent auto-exploring this place.
 F = Levels seen in this place.
 G = Mean time per level.
                   A        B        C        D        E       F      G
               +--------+--------+--------+--------+--------+-----+--------+
         Total |   4962 |   4860 |    102 |    689 |   3471 |   3 | 1654.0 |
       Dungeon |   4962 |   4860 |    102 |    689 |   3471 |   3 | 1654.0 |
               +--------+--------+--------+--------+--------+-----+--------+

Top non-repeatable levels by time:
     D:2: 2227 daAuts
     D:1: 2197 daAuts
     D:3: 538 daAuts
